MLB
WASHINGTON NATIONALS @ MILWAUKEE BREWERS
06/11/2041
 
TOP OF THE 1ST
Washington Nationals batting - Pitching for Milwaukee Brewers : RHP Orlando Bernard
Pitching: RHP Orlando Bernard
Batting: LHB Dana Martin 0-0: Ball
1-0: Ball
2-0: Ball
3-0: Base on Balls
Batting: SHB Luis Mota 0-0: Called Strike
Dana Martin steals 2nd base
0-1: Ground out 5-3 (Groundball, 56, EV 86.3 MPH)
Dana Martin to third
Batting: SHB António Villarreal 0-0: Called Strike
0-1: Foul Ball, location: 5F
0-2: Ball
1-2: SINGLE (Line Drive, 9S, EV 105.6 MPH)
Dana Martin scores
Batting: RHB Doug Watts 0-0: Grounds into double play, 5-4-3 (Groundball, 56S, EV 83.1 MPH)
Top of the 1st over - 1 run, 1 hit, 0 errors, 0 left on base; Washington 1 - Milwaukee 0
BOTTOM OF THE 1ST
Milwaukee Brewers batting - Pitching for Washington Nationals : RHP Ernesto Rodríguez
Pitching: RHP Ernesto Rodríguez
Batting: RHB Rico Rodríguez 0-0: Ground out 5-3 (Groundball, 56S, EV 85.0 MPH)
Batting: LHB Dave Lynch 0-0: Ball
1-0: Ball
2-0: Ball
3-0: Base on Balls
Batting: RHB Pepe Franco 0-0: Ball
Dave Lynch steals 2nd base
1-0: Foul Ball, location: 2F
1-1: SINGLE (Line Drive, 4M, EV 98.8 MPH)
Dave Lynch to third
Batting: LHB Jorge Ramírez 0-0: Ball
1-0: Called Strike
1-1: Ball
2-1: Ball
3-1: Base on Balls
Pepe Franco to second
Batting: RHB Orlando Cortéz 0-0: Ball
1-0: Ball
2-0: Ball
3-0: Base on Balls
Dave Lynch scores
Pepe Franco to third
Jorge Ramírez to second
Batting: RHB Josh Forrest 0-0: Ball
1-0: Called Strike
1-1: Foul Ball, location: 5F
1-2: SINGLE (Line Drive, 8RS, EV 95.6 MPH)
Pepe Franco scores
Jorge Ramírez to third
Orlando Cortéz to second
Runner from 3rd tries for Home, SAFE, throw by CF to home
Batting: LHB Wally Brown 0-0: Ball
1-0: Grounds into double play, 1-4-3 (Groundball, 15S, EV 66.3 MPH)
Bottom of the 1st over - 3 runs, 2 hits, 0 errors, 1 left on base; Washington 1 - Milwaukee 3
TOP OF THE 2ND
Washington Nationals batting - Pitching for Milwaukee Brewers : RHP Orlando Bernard
Batting: LHB Brad Numbers 0-0: Ball
1-0: Ball
2-0: Called Strike
2-1: Ball
3-1: Base on Balls
Batting: SHB Dave Dulin 0-0: Foul Ball, location: 2F
0-1: Ball
1-1: Fly out, F8 (Flyball, 8RD, EV 78.8 MPH)
Batting: LHB Bob Mundarain 0-0: Ball
1-0: Ball
2-0: Ball
3-0: Called Strike
3-1: Swinging Strike
3-2: Strikes out looking
Batting: LHB Eric Tushinghem 0-0: Foul Ball, location: 7LSF
0-1: Ball
1-1: Foul Ball, location: 2F
1-2: Ball
2-2: Strikes out swinging
Top of the 2nd over - 0 runs, 0 hits, 0 errors, 1 left on base; Washington 1 - Milwaukee 3
BOTTOM OF THE 2ND
Milwaukee Brewers batting - Pitching for Washington Nationals : RHP Ernesto Rodríguez
Batting: RHB Dan Thompson 0-0: Ball
1-0: Ball
2-0: Foul Ball, location: 3FF
2-1: Ball
3-1: Foul Ball, location: 5F
3-2: Foul Ball, location: 5F
3-2: DOUBLE (Groundball, 5L, EV 103.8 MPH)
Batting: RHB Jim Vera 0-0: Fly out, F8 (Flyball, 8RD, EV 101.3 MPH)
Batting: RHB Rico Rodríguez 0-0: Ball
1-0: Ball
2-0: SINGLE (Groundball, 4, EV 97.5 MPH) (infield hit)
Dan Thompson to third
Batting: LHB Dave Lynch 0-0: Fly out, F7 (Flyball, 7, EV 102.5 MPH)
Runner from 3rd tags up, OUT at HOME! 7-2
Bottom of the 2nd over - 0 runs, 2 hits, 0 errors, 1 left on base; Washington 1 - Milwaukee 3
TOP OF THE 3RD
Washington Nationals batting - Pitching for Milwaukee Brewers : RHP Orlando Bernard
Batting: SHB Jorge Acosta 0-0: Ball
1-0: Ball
2-0: Ground out 6-3 (Groundball, 6, EV 78.1 MPH)
Batting: LHB Dana Martin 0-0: Ball
1-0: Called Strike
1-1: Foul Ball, location: 7LMF
1-2: Ball
2-2: Ground out 4-3 (Groundball, 34D, EV 85.6 MPH)
Batting: SHB Luis Mota 0-0: Ball
1-0: Foul Ball, location: 7LDF
1-1: Ball
2-1: SINGLE (Groundball, 4MD, EV 94.4 MPH)
Batting: SHB António Villarreal 0-0: Ball
1-0: Ball
2-0: Swinging Strike
2-1: Ball
3-1: Called Strike
3-2: Ground out 6-3 (Groundball, 6, EV 106.9 MPH)
Top of the 3rd over - 0 runs, 1 hit, 0 errors, 1 left on base; Washington 1 - Milwaukee 3
BOTTOM OF THE 3RD
Milwaukee Brewers batting - Pitching for Washington Nationals : RHP Ernesto Rodríguez
Batting: RHB Pepe Franco 0-0: Ball
1-0: Ball
2-0: Fly out, F5 (Popup, 5SF, EV 86.9 MPH)
Batting: LHB Jorge Ramírez 0-0: Called Strike
0-1: Called Strike
0-2: Strikes out looking
Batting: RHB Orlando Cortéz 0-0: Called Strike
0-1: Foul Ball, location: 2F
0-2: Ball
1-2: Fly out, F5 (Popup, 5SF, EV 73.8 MPH)
Bottom of the 3rd over - 0 runs, 0 hits, 0 errors, 0 left on base; Washington 1 - Milwaukee 3
TOP OF THE 4TH
Washington Nationals batting - Pitching for Milwaukee Brewers : RHP Orlando Bernard
Pitching: RHP Ben Davis
Batting: RHB Doug Watts 0-0: Ball
1-0: SINGLE (Flyball, 8LS, EV 91.9 MPH)
Batting: LHB Brad Numbers 0-0: Ball
1-0: Ball
2-0: Ball
3-0: Called Strike
3-1: Ground out U3 (Groundball, 34, EV 90.0 MPH)
Doug Watts to second
Batting: SHB Dave Dulin 0-0: Ball
1-0: Ball
2-0: Called Strike
2-1: Called Strike
2-2: Strikes out swinging
Batting: LHB Bob Mundarain 0-0: Ball
1-0: Ball
2-0: Ball
3-0: Called Strike
3-1: Foul Ball, location: 25F
3-2: Strikes out swinging
Top of the 4th over - 0 runs, 1 hit, 0 errors, 1 left on base; Washington 1 - Milwaukee 3
BOTTOM OF THE 4TH
Milwaukee Brewers batting - Pitching for Washington Nationals : RHP Ernesto Rodríguez
Batting: RHB Josh Forrest 0-0: DOUBLE (Flyball, 89XD, EV 106.9 MPH)
Batting: LHB Wally Brown 0-0: Ball
1-0: Foul Ball, location: 7LMF
1-1: Ball
2-1: Fly out, F8 (Flyball, 8RD, EV 88.8 MPH)
Batting: RHB Dan Thompson 0-0: Foul Ball, location: 3F
0-1: Foul Ball, location: 7LSFF
0-2: Strikes out swinging
Batting: RHB Jim Vera 0-0: Called Strike
0-1: Called Strike
0-2: Strikes out looking
Bottom of the 4th over - 0 runs, 1 hit, 0 errors, 1 left on base; Washington 1 - Milwaukee 3
TOP OF THE 5TH
Washington Nationals batting - Pitching for Milwaukee Brewers : RHP Ben Davis
Batting: LHB Eric Tushinghem 0-0: Called Strike
0-1: Ball
1-1: Foul Ball, location: 9LMF
1-2: Ball
2-2: Strikes out swinging
Batting: SHB Jorge Acosta 0-0: Ball
1-0: Called Strike
1-1: Fly out, F9 (Flyball, 9, EV 90.6 MPH)
Batting: LHB Dana Martin 0-0: Ground out 4-3 (Groundball, 4S, EV 82.5 MPH)
Top of the 5th over - 0 runs, 0 hits, 0 errors, 0 left on base; Washington 1 - Milwaukee 3
BOTTOM OF THE 5TH
Milwaukee Brewers batting - Pitching for Washington Nationals : RHP Ernesto Rodríguez
Batting: RHB Rico Rodríguez 0-0: Ball
1-0: SINGLE (Line Drive, 56D, EV 98.1 MPH)
Batting: LHB Dave Lynch Pickoff Throw to First - Out! 1-3
0-0: Ground out U3 (Groundball, 34, EV 88.8 MPH)
Batting: RHB Pepe Franco 0-0: Ball
1-0: Called Strike
1-1: Ball
2-1: Ball
3-1: Base on Balls
Batting: LHB Jorge Ramírez 0-0: Foul Ball, location: 3SF
0-1: Ball
1-1: Ball
2-1: Foul Ball, location: 7LMF
2-2: Foul Ball, location: 2F
2-2: Foul Ball, location: 7LMF
2-2: Strikes out swinging
Bottom of the 5th over - 0 runs, 1 hit, 0 errors, 1 left on base; Washington 1 - Milwaukee 3
TOP OF THE 6TH
Washington Nationals batting - Pitching for Milwaukee Brewers : RHP Ben Davis
Batting: SHB Luis Mota 0-0: Ball
1-0: Called Strike
1-1: Ball
2-1: SINGLE (Line Drive, 89S, EV 89.4 MPH)
Batting: SHB António Villarreal 0-0: Ball
Luis Mota is caught stealing 2nd base 2-6
1-0: Ball
2-0: Ball
3-0: Base on Balls
Batting: RHB Doug Watts 0-0: Foul Ball, location: 25FF
0-1: Ball
António Villarreal steals 2nd base
1-1: Ball
2-1: Foul Ball, location: 25FF
2-2: Ball
3-2: Hit by Pitch
Batting: LHB Brad Numbers 0-0: Called Strike
0-1: Called Strike
0-2: Ball
1-2: Foul Ball, location: 5F
1-2: Strikes out swinging
Batting: SHB Dave Dulin 0-0: Ball
1-0: Swinging Strike
1-1: Ball
2-1: Fly out, F7 (Flyball, 78S, EV 88.8 MPH)
Top of the 6th over - 0 runs, 1 hit, 0 errors, 2 left on base; Washington 1 - Milwaukee 3
BOTTOM OF THE 6TH
Milwaukee Brewers batting - Pitching for Washington Nationals : RHP Ernesto Rodríguez
Batting: RHB Orlando Cortéz 0-0: Ground out U3 (Groundball, 23, EV 85.0 MPH)
Batting: RHB Josh Forrest 0-0: Ground out 6-3 (Groundball, 6S, EV 66.3 MPH)
Batting: LHB Wally Brown 0-0: Ball
1-0: Ball
2-0: SINGLE (Line Drive, 56D, EV 103.8 MPH)
Batting: RHB Dan Thompson 0-0: Swinging Strike
0-1: Ball
1-1: Ball
2-1: Swinging Strike
2-2: Strikes out swinging
Bottom of the 6th over - 0 runs, 1 hit, 0 errors, 1 left on base; Washington 1 - Milwaukee 3
TOP OF THE 7TH
Washington Nationals batting - Pitching for Milwaukee Brewers : RHP Ben Davis
Batting: LHB Bob Mundarain 0-0: Fly out, F8 (Flyball, 78M, EV 96.9 MPH)
Pitching: LHP Arturo Cisneros
Pinch Hitting: RHB Jorge Portillo 0-0: Ball
1-0: Swinging Strike
1-1: Ball
2-1: Fly out, F8 (Flyball, 8RD, EV 107.5 MPH)
Batting: SHB Jorge Acosta 0-0: Ball
1-0: Called Strike
1-1: Ball
2-1: Swinging Strike
2-2: Fly out, F9 (Line Drive, 9S, EV 98.1 MPH)
Top of the 7th over - 0 runs, 0 hits, 0 errors, 0 left on base; Washington 1 - Milwaukee 3
BOTTOM OF THE 7TH
Milwaukee Brewers batting - Pitching for Washington Nationals : RHP Ernesto Rodríguez
Now in CF: Bob Mundarain
Now in RF: Jorge Portillo
Batting: RHB Jim Vera 0-0: Ball
1-0: Ball
2-0: Fly out, F3 (Popup, 3S, EV 71.3 MPH)
Batting: RHB Rico Rodríguez 0-0: Swinging Strike
0-1: Ball
1-1: Swinging Strike
1-2: Ball
2-2: Ball
3-2: Ground out 5-3 (Groundball, 56S, EV 66.3 MPH)
Batting: LHB Dave Lynch 0-0: Called Strike
0-1: Fly out, F4 (Popup, 4S, EV 76.3 MPH)
Bottom of the 7th over - 0 runs, 0 hits, 0 errors, 0 left on base; Washington 1 - Milwaukee 3
TOP OF THE 8TH
Washington Nationals batting - Pitching for Milwaukee Brewers : LHP Arturo Cisneros
Now at C: Jim Henderson Jr.
Batting: LHB Dana Martin 0-0: Ball
1-0: Foul Ball, location: 23FF
1-1: Ball
2-1: Called Strike
2-2: Strikes out swinging
Batting: SHB Luis Mota 0-0: Ball
1-0: Called Strike
1-1: Swinging Strike
1-2: Ground out U3 (Groundball, 34S, EV 80.6 MPH)
Batting: SHB António Villarreal 0-0: Ball
1-0: Ball
2-0: Ball
3-0: Called Strike
3-1: Called Strike
3-2: SOLO HOME RUN (Flyball, 78XD, EV 99.4 MPH), Distance : 419 ft
Batting: RHB Doug Watts 0-0: Ball
1-0: Foul Ball, location: 3DF
1-1: Foul Ball, location: 2F
1-2: Ball
2-2: Ball
3-2: Foul Ball, location: 9LDF
3-2: Base on Balls
Batting: RHB Jon Thurman 0-0: Ball
1-0: Called Strike
1-1: Foul Ball, location: 5SF
1-2: Ball
2-2: Ball
3-2: Fly out, F9 (Flyball, 9, EV 99.4 MPH)
Top of the 8th over - 1 run, 1 hit, 0 errors, 1 left on base; Washington 2 - Milwaukee 3
BOTTOM OF THE 8TH
Milwaukee Brewers batting - Pitching for Washington Nationals : RHP Ernesto Rodríguez
Batting: RHB Pepe Franco 0-0: Swinging Strike
0-1: Called Strike
0-2: Ball
1-2: Foul Ball, location: 2F
1-2: Ball
2-2: SOLO HOME RUN (Flyball, 89XD, EV 99.4 MPH), Distance : 389 ft
Batting: LHB Jorge Ramírez 0-0: Ball
1-0: Called Strike
1-1: Ball
2-1: Called Strike
2-2: Foul Ball, location: 2F
2-2: Foul Ball, location: 23F
2-2: Foul Ball, location: 25FF
2-2: Foul Ball, location: 25F
2-2: Foul Ball, location: 2F
2-2: SINGLE (Line Drive, 4MD, EV 100.0 MPH)
Pitching: RHP Jeff Houston
Batting: RHB Orlando Cortéz 0-0: Foul Ball, location: 2F
0-1: Grounds into double play, 5-4-3 (Groundball, 5, EV 76.9 MPH)
Batting: RHB Josh Forrest 0-0: Fly out, F7 (Line Drive, 78M, EV 100.0 MPH)
Bottom of the 8th over - 1 run, 2 hits, 0 errors, 0 left on base; Washington 2 - Milwaukee 4
TOP OF THE 9TH
Washington Nationals batting - Pitching for Milwaukee Brewers : LHP Arturo Cisneros
Pitching: RHP Tony O'Quinn
Batting: SHB Dave Dulin 0-0: Fly out, F7 (Flyball, 7LM, EV 87.5 MPH)
Batting: LHB Bob Mundarain 0-0: Swinging Strike
0-1: Ball
1-1: Swinging Strike
1-2: Foul Ball, location: 3F
1-2: Ball
2-2: Strikes out looking
Batting: RHB Jorge Portillo 0-0: Ball
1-0: Fly out, F8 (Flyball, 8LM, EV 95.6 MPH)
Top of the 9th over - 0 runs, 0 hits, 0 errors, 0 left on base; Washington 2 - Milwaukee 4
Sunday, March 24th , 2024 - OOTP Baseball 24.10 Build 82